 Dungeon Crawl Stone Soup version 5.6-49-g8abd877 (webtiles) character file.

0 rednecknazgul the Unbeliever (level 5, 0/41 HPs) *CASUAL*
             Began as a Demonspawn Monk on Nov 15, 2018.
             Slain by an orc
             ... wielding a +2 dagger of draining
              (2 damage)
             ... on level 3 of the Dungeon.
             The game lasted 00:02:04 (2109 turns).

rednecknazgul the Unbeliever (Demonspawn Monk)      Turns: 2109, Time: 00:02:05

Health: 0/41       AC: 12 (39%)Str: 12  XL:     5   Next: 76%
Magic:  8/8        EV:  0    Int: 12    God:
Gold:   110        SH: 15    Dex: 15    Spells: 9/9 levels left

rFire    . . .     SeeInvis .   (no weapon)
rCold    . . .     Faith    .   i - +0 shield
rNeg     . . .     Spirit   .   d - +0 plate armour
rPois    .         Reflect  .   (no helmet)
rElec    .                      h - +1 cloak
rCorr    .                      (no gloves)
MR       .....                  (no boots)
Stlth    ..........             (no amulet)
Regen    0.2/turn               (no ring)
MPRegen  0.2/turn               (no ring)

@: very heavily drained
A: large bone plates 3
a: no special abilities


You were on level 3 of the Dungeon.
You were not hungry.

You visited 1 branch of the dungeon, and saw 3 of its levels.

You collected 110 gold pieces.

Inventory:

Missiles
 a - 67 poisoned darts (quivered)
Armour
 d - a +0 plate armour (worn)
 h - a +1 cloak (worn)
 i - a +0 shield (worn)
Scrolls
 e - a scroll of enchant weapon
Potions
 b - a potion of resistance
 c - a potion of flight
 f - a potion of ambrosia
 g - a potion of cancellation


   Skills:
 + Level 3.6(0.7) Fighting
 + Level 1.5(0.0) Armour
 + Level 3.4(0.5) Dodging
 - Level 1.7(0.0) Stealth
 + Level 0.1(0.0) Shields
 * Level 3.6(0.7) Unarmed Combat
 * Level 5.6(2.7) Invocations


You had 9 spell levels left.
You didn't know any spells.
Your spell library was empty.

Dungeon Overview and Level Annotations

Branches:
Dungeon (3/15)

Altars:
Kikubaaqudgha
Sif Muna
Trog
Vehumet
Wu Jian
Zin


Innate Abilities, Weirdness & Mutations

You are completely covered in large bone plates. (SH +8)


Message History

You hit the orc wizard (6).
The orc wizard is almost dead.
The orc wizard gestures wildly while chanting.
The orc wizard blinks!
You hit the orc (3).
The orc is heavily wounded.
The orc hits you but does no damage.
You feel drained (2).
* * * LOW HITPOINT WARNING * * *
You closely miss the orc.
The orc is heavily wounded.
The orc hits you but does no damage.
You feel drained (1).
* * * LOW HITPOINT WARNING * * *
You barely miss the orc.
The orc is heavily wounded.
The orc hits you but does no damage.
You feel drained (1).
* * * LOW HITPOINT WARNING * * *
You hit the orc but do no damage.
The orc is heavily wounded.
The orc hits you but does no damage.
You feel drained (2).
You die...

_####. ..... ###
.... #.. ####_..
#.# .......#
#####.# .......#
#.o@..#
###...b###.###.##
...........#....##
.......#.o.......#
._####_.#.###.#...#
.................##
+........$........#
#........####.#...#
#.####...# #.#.#..#


You could see an orc.

Vanquished Creatures
  Crazy Yiuf (D:2)
  2 adders (D:2)
  2 dart slugs
  An orc (D:3)
  3 quokkas
  9 bats
  2 giant cockroaches
  7 goblins
  9 hobgoblins
  3 jackals (D:1)
  A ball python (D:1)
  2 frilled lizards (D:2)
  6 kobolds
  6 rats
54 creatures vanquished.

Notes
Turn   | Place    | Note
-------+----------+-------------------------------------------
     0 | D:1      | rednecknazgul the Demonspawn Monk began the quest for the Orb.
     0 | D:1      | Reached XP level 1. HP: 18/18 MP: 2/2
   166 | D:1      | Gained mutation: You are partially covered in large bone plates. (SH +4) [demonic ancestry]
   166 | D:1      | Reached XP level 2. HP: 14/24 MP: 3/3
   317 | D:1      | Reached skill level 4 in Invocations
   426 | D:1      | Gained mutation: You are mostly covered in large bone plates. (SH +6) [demonic ancestry]
   426 | D:1      | Reached XP level 3. HP: 28/29 MP: 5/5
   930 | D:2      | Found a bloodstained altar of Trog.
  1064 | D:2      | Reached XP level 4. HP: 19/35 MP: 6/6
  1084 | D:2      | Reached skill level 1 in Armour
  1129 | D:2      | Found a glowing silver altar of Zin.
  1443 | D:2      | Found a faded altar of an unknown god.
  1448 | D:2      | Reached skill level 5 in Invocations
  1456 | D:2      | Gained mutation: You are completely covered in large bone plates. (SH +8) [demonic ancestry]
  1456 | D:2      | Reached XP level 5. HP: 41/41 MP: 8/8
  1579 | D:2      | Found a runed door.
  1583 | D:2      | Noticed Crazy Yiuf
  1593 | D:2      | Killed Crazy Yiuf
  2038 | D:3      | Found a deep blue altar of Sif Muna.
  2042 | D:3      | Found a radiant altar of Vehumet.
  2058 | D:3      | Found an ancient bone altar of Kikubaaqudgha.
  2062 | D:3      | Found an ornate altar of the Wu Jian Council.
  2107 | D:3      | HP: 2/41 [orc/+2 dagger of draining (1)]
  2109 | D:3      | Slain by an orc

Skill      XL: |  1  2  3  4 |
---------------+-------------+-----
Unarmed Combat | 3 |  3.6
Dodging        | 3 |  3.4
Invocations    | 4 5 |  5.6
Armour         | 1 |  1.5
Fighting       | |  3.6
Stealth        | |  1.7
Shields        | |  0.1

Action                   |  1- 3 |  4- 6 || total
-------------------------+-------+-------++-------
Melee: Unarmed           |   164 |   146 ||   310
       Punch             |     2 |       ||     2
Armor: Plate armour      |   143 |    94 ||   237
Dodge: Dodged            |    33 |    12 ||    45
Block: Other             |    36 |    17 ||    53
       Shield            |       |    60 ||    60
